 Dungeon Crawl Stone Soup version 0.30-a0-50-gb2d611f6b1 (webtiles) character file.

Game seed: 2086177060631911252

4347 SwiftSteady the Poker (level 10, -2/61 HPs)
             Began as a Gargoyle Fighter on Sept 3, 2022.
             Was an Initiate of Yredelemnul.
             Killed from afar by a steam dragon (9 damage)
             ... with a ball of steam
             ... on level 8 of the Dungeon.
             The game lasted 00:14:35 (6470 turns).

SwiftSteady the Poker (Gargoyle Fighter)            Turns: 6470, Time: 00:14:35

Health: -2/61      AC: 17    Str: 25    XL:     10   Next: 34%
Magic:  14/14      EV: 15    Int:  8    God:    Yredelemnul [......]
Gold:   405        SH:  5    Dex:  9    Spells: 14/15 levels left

rFire   . . .      SeeInvis .    n - +2 spear (vamp)
rCold   + . .      Faith    .    c - +0 buckler
rNeg    + . .      Spirit   .    x - +4 ring mail {rC+}
rPois   ∞          Reflect  .    f - +0 hat
rElec   +          Harm     .    (no cloak)
rCorr   .          Rampage  .    (no gloves)
Will    +....                    (no boots)
Stlth   +.........               (no amulet)
HPRegen 0.20/turn                g - ring of willpower
MPRegen 0.14/turn                u - +4 ring of evasion

@: no status effects
A: sickness immunity, AC +7, negative energy resistance 1, electricity
resistance, torment resistance 1, petrification resistance
a: Renounce Religion, Recall Undead Harvest


You were on level 8 of the Dungeon.
You worshipped Yredelemnul.
Yredelemnul was noncommittal.
You visited 1 branch of the dungeon, and saw 8 of its levels.

You collected 455 gold pieces.
You spent 50 gold pieces at shops.

Inventory:

Hand Weapons
 a - a +0 flail
 n - a +2 vampiric spear (weapon)
 B - a +2 whip of freezing
 G - a +0 arbalest
Missiles
 k - 2 boomerangs (quivered)
 C - 3 javelins
Armour
 c - a +0 buckler (worn)
 f - a +0 hat (worn)
 x - a +4 ring mail of cold resistance (worn)
 H - a scarf of invisibility
Jewellery
 g - a ring of willpower (left hand)
 u - a +4 ring of evasion (right hand)
Wands
 b - a wand of polymorph (11)
 d - a wand of flame (30)
 w - a wand of mindburst (24)
Scrolls
 j - 2 scrolls of magic mapping {unknown}
 l - 4 scrolls of identify {unknown}
 m - 2 scrolls of torment {unknown}
 q - 2 scrolls of amnesia {unknown}
 y - a scroll of enchant armour {unknown}
 z - 4 scrolls of teleportation {unknown}
 A - a scroll of fear {unknown}
 D - 3 scrolls of vulnerability {unknown}
 E - a scroll of immolation {unknown}
Potions
 e - a potion of brilliance
 h - 3 potions of lignification {unknown}
 i - 2 potions of attraction {unknown}
 o - a potion of haste {unknown}
 p - a potion of mutation {unknown}
 r - a potion of ambrosia {unknown}
 s - 2 potions of heal wounds
 t - 2 potions of flight {unknown}
 v - 5 potions of curing {unknown}
 F - a potion of resistance {unknown}
 I - 2 potions of might


   Skills:
 * Level 6.4 Fighting
 + Level 3.7 Maces & Flails
 + Level 7.1 Polearms
 + Level 1.3 Throwing
 + Level 6.4 Armour
 + Level 4.2 Dodging
 + Level 2.3 Stealth
 + Level 5.7 Shields
 * Level 3.0 Spellcasting
 * Level 4.2 Earth Magic
 * Level 3.3 Invocations


You had 14 spell levels left.
You knew the following spells:

 Your Spells              Type           Power      Damage    Failure   Level
a - Sandblast             Erth           14%        2d6       11%         1

Your spell library contained the following spells:

 Spells                   Type           Power      Damage    Failure   Level
 Passwall                 Tmut/Erth      3%         N/A       36%         2
 Stone Arrow              Conj/Erth      8%         3d7       58%         3
 Poisonous Vapours        Pois/Air       2%         N/A       65%         2
 Frozen Ramparts          Ice            2%         1d1       87%         3
 Corpse Rot               Necr/Pois/Air  1%         N/A       99%         4
 Ice Form                 Ice/Tmut       1%         N/A       99%         4
 Summon Ice Beast         Ice/Summ       1%         N/A       99%         4


Dungeon Overview and Level Annotations

Branches:
Dungeon (8/15)             Temple (0/1) D:7
   Lair: D:8-11

Altars:
Elyvilon
Gozag
Okawaru
Trog
Yredelemnul

Shops:
D:3 !

Annotations:
D:8 Erica


Innate Abilities, Weirdness & Mutations

You are immune to sickness and miasma.
Your stone body is resilient. (AC +7)
You are immune to poison.
You resist negative energy. (rN+)
You are resistant to electric shocks. (rElec)
You are resistant to unholy torment.
You are immune to petrification.


Message History

Erica is moderately wounded.
Erica mumbles some strange words.
Erica flickers and vanishes!
You closely miss something. Something barely misses you.
You closely miss something. You puncture something!
You feel better. Something barely misses you.
You hit something. Something hits you! Something burns you.
You miss something. You block something's attack.
You barely miss something. You miss something. You block something's attack.
You hit something.
You feel better. Something hits you. Something burns you.
You puncture something! Something closely misses you.
You hit something.
You feel better.
You hit something. You block something's attack.
You closely miss something. Something hits you! Something burns you.
You miss something. Something hits you but does no damage.
You hit something but do no damage. Something hits you. Something burns you.
You hit something. You hit something. Something hits you! Something burns you.
* * * LOW HITPOINT WARNING * * *
Something hits you but does no damage.
You hear some strange, mumbled words.
Something tries to affect you, but you resist.
Something tries to affect you, but you resist.
A wyvern comes into view.
The wyvern hisses angrily.
You hear an angry hiss.
Erica appears from thin air!
Reactivating autopickup.
A steam dragon comes into view.
The steam dragon attacks as you move away!
The steam dragon bites you but does no damage.
The steam dragon completely misses you.
Erica hits you with a +3 scimitar of flaming!
* * * LOW HITPOINT WARNING * * *
Erica burns you.
* * * LOW HITPOINT WARNING * * *
The steam dragon breathes steam at you. The ball of steam hits you!
You die...
Your body rises from the dead as a mindless zombie.

#.#####...#..##
#.<...........#
#.##.####.###.#
#.##...........
#.######........
##.#### l......
#.....###D......
#.....@.§.......
#......@####.##.
#.....#..#
#.....##..#
#.....# #..#
#...... #...
#....... ###.
#..#.#..# .


You could see Erica, a steam dragon (catching breath) and a wyvern.

Vanquished Creatures
  Pikel (D:5)
  Joseph (D:7)
  Grinder (D:3)
  Eustachio (D:5)
  A wyvern (D:7)
  2 water moccasins
  2 black bears
  A sky beast (D:7)
  An ogre (D:6)
  A lemure (D:5)
  A centaur (D:7)
  A kobold brigand (D:7)
  A bullfrog (D:7)
  A necrophage (D:4)
  2 scorpions (D:6)
  7 wights
  8 killer bees
  A hound (D:7)
  2 jellies (D:7)
  Crazy Yiuf (D:4)
  An orc priest (D:7)
  Ijyb (D:3)
  Natasha (D:3)
  2 iguanas
  4 orc wizards
  A gnoll (D:4)
  4 adders
  A shadow imp (D:7)
  A white imp (D:7)
  2 ufetubi
  A worm (D:3)
  A dart slug (D:1)
  14 orcs
  5 bats
  3 endoplasms
  2 giant cockroaches
  A goblin (D:1)
  3 hobgoblins
  5 quokkas
  3 frilled lizards
  7 kobolds
  4 rats
104 creatures vanquished.

Vanquished Creatures (collateral kills)
  Menkaure (D:4)
  A water moccasin (D:4)
  A phantom (D:7)
  A necrophage (D:6)
  A wight (D:7)
  9 killer bees
  A jelly (D:7)
  An orc wizard (D:7)
  2 gnolls (D:4)
  3 adders
  A dart slug (D:2)
  2 orcs
  A ball python (D:4)
  3 endoplasms
  A giant cockroach (D:4)
  A goblin (D:4)
  A hobgoblin (D:4)
  A kobold (D:4)
32 creatures vanquished.

Vanquished Creatures (others)
  A wyvern zombie (D:7)
  A centaur zombie (D:7)
  A black bear zombie (D:5)
  4 killer bee zombies (D:7)
  2 adder zombies
  2 iguana zombies
  A jelly zombie (D:7)
  A spectral white imp (D:7)
  A bat zombie (D:3)
  A quokka (D:5)
  A giant cockroach zombie (D:4)
  A hobgoblin zombie (D:3)
  5 orc zombies
  A spectral ufetubus (D:4)
  A fungus (D:4)
24 creatures vanquished.

Grand Total: 160 creatures vanquished

Notes
Turn   | Place    | Note
-------+----------+-------------------------------------------
     0 | D:1      | SwiftSteady the Gargoyle Fighter began the quest for the
                  | Orb.
     0 | D:1      | Reached XP level 1. HP: 14/14 MP: 1/1
   397 | D:1      | Reached XP level 2. HP: 19/19 MP: 2/2
  1170 | D:2      | Reached XP level 3. HP: 23/23 MP: 3/3
  1233 | D:2      | Found a basalt altar of Yredelemnul.
  1241 | D:2      | Became a worshipper of Yredelemnul the Dark
  1824 | D:3      | Noticed Grinder
  1847 | D:3      | Killed Grinder
  1848 | D:3      | Reached skill level 2 in Polearms
  1848 | D:3      | Reached skill level 1 in Dodging
  1848 | D:3      | Reached XP level 4. HP: 19/29 MP: 4/4
  1848 | D:3      | Reached XP level 5. HP: 22/33 MP: 5/5
  1848 | D:3      | Reached XP level 6. HP: 25/38 MP: 6/6
  1930 | D:3      | Found Nusoff's Distillery.
  1935 | D:3      | Bought a potion of heal wounds for 50 gold pieces
  2247 | D:3      | Found an iron altar of Okawaru.
  2249 | D:3      | Noticed Natasha
  2256 | D:3      | Killed Natasha
  2367 | D:3      | Noticed Ijyb
  2396 | D:3      | Killed Ijyb
  2594 | D:4      | Reached * piety under Yredelemnul
  2742 | D:4      | Reached ** piety under Yredelemnul
  2753 | D:4      | Noticed a water moccasin
  2768 | D:4      | Killed a water moccasin
  2769 | D:4      | Reached skill level 3 in Polearms
  2769 | D:4      | Reached XP level 7. HP: 34/43 MP: 7/7
  2859 | D:4      | Reached skill level 1 in Stealth
  2921 | D:4      | Noticed Menkaure
  2932 | D:4      | Killed Menkaure
  3055 | D:4      | Found a bloodstained altar of Trog.
  3198 | D:4      | Found a runed translucent door.
  3199 | D:4      | Noticed Crazy Yiuf
  3213 | D:4      | Killed Crazy Yiuf
  3214 | D:4      | Reached skill level 4 in Polearms
  3414 | D:5      | Entered Level 5 of the Dungeon
  3597 | D:5      | Reached skill level 5 in Armour
  3633 | D:5      | Noticed Pikel
  3634 | D:5      | Noticed Eustachio
  3691 | D:5      | Killed Pikel
  3692 | D:5      | Reached skill level 5 in Polearms
  3692 | D:5      | Reached skill level 1 in Throwing
  3692 | D:5      | Reached XP level 8. HP: 18/48 MP: 8/8
  3709 | D:5      | Killed Eustachio
  3891 | D:5      | Reached skill level 5 in Fighting
  3987 | D:5      | Found a white marble altar of Elyvilon.
  4047 | D:5      | Reached XP level 9. HP: 54/54 MP: 9/9
  4119 | D:5      | Learned a level 1 spell: Sandblast
  4130 | D:5      | Found an opulent altar of Gozag.
  4236 | D:6      | Reached skill level 5 in Shields
  4418 | D:6      | Reached skill level 1 in Spellcasting
  4422 | D:6      | Reached skill level 6 in Polearms
  4433 | D:6      | Reached skill level 1 in Invocations
  4601 | D:6      | Reached skill level 1 in Earth Magic
  5270 | D:7      | Found a staircase to the Ecumenical Temple.
  5592 | D:7      | Reached XP level 10. HP: 41/60 MP: 12/14
  5936 | D:7      | Reached skill level 7 in Polearms
  6037 | D:7      | Noticed Joseph
  6054 | D:7      | Killed Joseph
  6407 | D:8      | Noticed Erica
  6470 | D:8      | Killed from afar by a steam dragon

Illustrated notes

Levels and vault maps discovered:
D:1:      onia_arrival_pyramid, layout_basic, nicolae_eternal_life, minivault_11
D:2:      layout_basic, basic_altar
D:3:      layout_loops_cross, mainiacjoe_overflow_boulevard, serial_shops,
          nicolae_shop_hallway_plus, uniq_natasha, uniq_grinder, uniq_ijyb
D:4:      layout_basic, trog_book, uniq_menkaure, uniq_crazy_yiuf_cottage
D:5:      layout_rooms, elyvilon_altar_4, kennysheep_mini, st_stairs_6,
          uniq_pikel, uniq_eustachio
D:6:      layout_layer_cave
D:7:      layout_gridville, minmay_temple_entry_glassed_door,
          minmay_starry_boxes, uniq_joseph
D:8:      minmay_opposing_rooms, layout_rooms, grunt_lair_entry_orc_guard_hut,
          st_stairs_14, minmay_lindwurm_lava, uniq_erica, uniq_maggie,
          uniq_psyche

Skill      XL: |  1  2  3  4  5  6  7  8  9 10 |
---------------+-------------------------------+-----
Maces & Flails | 3 |  3.7
Polearms       | 2 3 5 6 7 |  7.1
Armour         | 4 5 6 |  6.4
Dodging        | 1 2 3 4 |  4.2
Fighting       | 4 5 6 |  6.4
Shields        | 4 5 |  5.7
Stealth        | 1 2 |  2.3
Throwing       | 1 |  1.3
Spellcasting   | 2 3 |  3.0
Invocations    | 2 3 |  3.3
Earth Magic    | 3 4 |  4.2

Action                   |  1- 3 |  4- 6 |  7- 9 | 10-12 || total
-------------------------+-------+-------+-------+-------++-------
Melee: Flail             |    72 |       |       |       ||    72
       Spear             |    44 |    89 |   408 |   117 ||   658
Throw: Boomerang         |       |     3 |     7 |       ||    10
Invok: Recall Undead Har |       |       |     1 |       ||     1
       Dark Bargain      |       |       |       |     2 ||     2
  Use: Potion            |       |       |     1 |       ||     1
 Stab: Distracted        |       |     2 |     4 |     1 ||     7
Armor: Scale mail        |    59 |    11 |       |       ||    70
       Ring mail         |       |    22 |   161 |    34 ||   217
Dodge: Dodged            |    43 |    55 |   274 |   101 ||   473
Block: Buckler           |    14 |    14 |    73 |    27 ||   128

Table legend: (Time is in decaauts)
 A = Elapsed time spent in this place.
 B = Non-inter-level travel time spent in this place.
 C = Inter-level travel time spent in this place.
 D = Time resting spent in this place.
 E = Time spent auto-exploring this place.
 F = Levels seen in this place.
 G = Mean time per level.
                   A        B        C        D        E       F      G
               +--------+--------+--------+--------+--------+-----+--------+
         Total |   6416 |   6238 |    178 |      0 |   5023 |   8 |  802.0 |
       Dungeon |   6416 |   6238 |    178 |      0 |   5023 |   8 |  802.0 |
               +--------+--------+--------+--------+--------+-----+--------+

Top non-repeatable levels by time:
     D:7: 1116 daAuts
     D:1: 1040 daAuts
     D:6: 990 daAuts
     D:4: 882 daAuts
     D:2: 805 daAuts
     D:5: 768 daAuts
     D:3: 718 daAuts
     D:8: 94 daAuts
